 Dungeon Crawl Stone Soup version 0.27-a0-12-g5dcdf963e0 (webtiles) character file.

Game seed: 12520553024452475527

142 Conn the Firebug (level 5, -1/48 HPs)
             Began as an Octopode Fire Elementalist on Jan 2, 2021.
             Killed from afar by an orc wizard (7 damage)
             ... with a puff of flame
             ... on level 3 of the Dungeon.
             The game lasted 00:12:50 (3483 turns).

Conn the Firebug (Octopode Fire Elementalist)       Turns: 3483, Time: 00:12:50

Health: -1/48      AC: 22    Str:  6 (7)  XL:     5   Next: 25%
Magic:  5/9        EV:  2    Int: 17 (18) God:
Gold:   136        SH:  0    Dex: 10 (13) Spells: 6/10 levels left

rFire    . . .     SeeInvis .   j - +0 spear (venom)
rCold    + . .     Faith    .   (no shield)
rNeg     + + +     Spirit   .   (helmet currently unavailable)
rPois    +         Reflect  .   (no amulet)
rElec    .         Harm     .   l - ring of protection from cold
rCorr    +         Rampage  .   r - ring of resist corrosion
Will     .....     NoTele   +   (no ring)
Stlth    ++........             (no ring)
HPRegen  0.16/turn              (no ring)
MPRegen  0.11/turn              (no ring)
                                (no ring)
                                (no ring)

@: lethally poisoned (-1 -> -30), tree-form
A: almost no armour, stealthy swim, (amphibious), 8 rings, (constrict 8)
a: no special abilities


You were on level 3 of the Dungeon.
You were a tree.
You visited 1 branch of the dungeon, and saw 3 of its levels.

You collected 136 gold pieces.

Inventory:

Hand Weapons
 j - a +0 spear of venom (weapon)
Missiles
 b - 11 poisoned darts (quivered)
Jewellery
 l - a ring of protection from cold (left branch)
 r - a ring of resist corrosion (right branch)
Scrolls
 a - 6 scrolls of identify {unknown}
 c - 2 scrolls of remove curse {unknown}
 e - a scroll of noise {unknown}
 f - 2 scrolls of magic mapping {unknown}
 h - 3 scrolls of fog {unknown}
 n - a scroll of teleportation {unknown}
 p - a scroll of enchant weapon {unknown}
 q - a scroll of enchant armour {unknown}
Potions
 d - 3 potions of haste


   Skills:
 + Level 0.3 Fighting
 + Level 0.5 Polearms
 + Level 0.1 Throwing
 + Level 2.4 Dodging
 + Level 3.0 Stealth
 + Level 0.1 Unarmed Combat
 * Level 3.3 Spellcasting
 * Level 1.9 Conjurations
 * Level 4.0 Fire Magic


You had 6 spell levels left.
You knew the following spells:

 Your Spells              Type           Power        Failure   Level
a - Foxfire               Conj/Fire      48%          4%          1
b - Conjure Flame         Conj/Fire      12%          16%         3

Your spell library contained the following spells:

 Spells                   Type           Power        Failure   Level
 Inner Flame              Hex/Fire       9%           22%         3
 Sticky Flame             Conj/Fire      12%          45%         4
 Fireball                 Conj/Fire      6%           80%         5


Dungeon Overview and Level Annotations

Branches:
Dungeon (3/15)

Altars:
Fedhas
Okawaru

Annotations:
D:3 exclusion: oklob plant


Innate Abilities, Weirdness & Mutations

You cannot wear most types of armour.
You are very stealthy in the water. (Stealth+)
((You are amphibious.))
You can wear up to eight rings at the same time.
((You can use your tentacles to constrict eight enemies at once.))
((Your skin changes colour to match your surroundings (Stealth+).))
((Your rubbery body absorbs attacks. (AC +1, EV +1)))


Message History

You barely miss the orc wizard. Your grab misses the orc wizard.
The orc wizard is severely wounded.
You feel sick. The orc wizard barely misses you.
The orc hits you with a +1 hand axe of venom.
The orc wizard barely misses you.
You barely miss the orc wizard. Your grab misses the orc wizard.
The orc wizard is severely wounded.
You feel sick.
The orc wizard gestures at you while chanting.
The puff of flame hits you.
The orc hits you with a +1 hand axe of venom!
* * * LOW HITPOINT WARNING * * *
You are more poisoned.
Really quaff the potion of lignification?
You turn into a tree.
Your roots penetrate the ground.
* * * LOW HITPOINT WARNING * * *
You feel very sick.
The orc wizard gestures at you while chanting.
The puff of flame hits you!
You die...

... ... #.# #.# #o#
#r# #o# ... #o#####
#.# #♣o...# #.#
#####.# #.# #.# #.#
#.# #####.# #.#
......### #########.#
####....####.....>...#
####.##......#########
.....######.##


You could see an orc wizard (fast, very poisoned), 3 orcs and a rat.

Vanquished Creatures
  Robin (D:3)
  3 gnolls (D:2)
  3 adders
  2 dart slugs
  3 leopard geckos
  2 orcs (D:3)
  2 ball pythons (D:1)
  A giant cockroach (D:1)
  10 hobgoblins
  5 kobolds
  4 bats
  3 frilled lizards
  18 goblins
  9 rats
66 creatures vanquished.

Vanquished Creatures (others)
  127 foxfires
  A plant (D:3)
128 creatures vanquished.

Grand Total: 194 creatures vanquished

Notes
Turn   | Place    | Note
-------+----------+-------------------------------------------
     0 | D:1      | Conn the Octopode Fire Elementalist began the quest for the
                  | Orb.
     0 | D:1      | Reached XP level 1. HP: 11/11 MP: 3/3
    42 | D:1      | Reached XP level 2. HP: 14/17 MP: 0/5
   312 | D:1      | Reached XP level 3. HP: 21/21 MP: 0/6
   518 | D:1      | Learned a level 3 spell: Conjure Flame
  1871 | D:2      | Reached XP level 4. HP: 10/27 MP: 3/8
  2943 | D:3      | Noticed Robin
  2987 | D:3      | Reached XP level 5. HP: 15/31 MP: 9/9
  3010 | D:3      | Killed Robin
  3017 | D:3      | Reached skill level 4 in Fire Magic
  3254 | D:3      | Found a blossoming altar of Fedhas.
  3271 | D:3      | Noticed an oklob plant
  3397 | D:3      | Found an iron altar of Okawaru.
  3483 | D:3      | Killed from afar by an orc wizard

Illustrated notes

Levels and vault maps discovered:
D:1:      dpeg_arrival_windows_large_door, layout_basic, minmay_misc_feat_x
D:2:      layout_basic, kennysheep_generic_room_11
D:3:      layout_loops_cross, lemuel_crystal_altar, tgw_fedhas,
          uniq_crazy_yiuf_cottage, uniq_robin, uniq_grinder, uniq_terence

Skill      XL: |  1  2  3  4  5 |
---------------+----------------+-----
Stealth        | 3 |  3.0
Spellcasting   | 3 |  3.3
Fire Magic     | 4 |  4.0
Fighting       | |  0.3
Polearms       | |  0.5
Throwing       | |  0.1
Dodging        | |  2.4
Unarmed Combat | |  0.1
Conjurations   | |  1.9

Action                   |  1- 3 |  4- 6 || total
-------------------------+-------+-------++-------
Melee: Unarmed           |    11 |       ||    11
       Constrict         |     7 |     6 ||    13
       Tentacles         |     2 |     5 ||     7
       Spear             |    12 |    54 ||    66
Throw: Dart              |     8 |       ||     8
 Cast: Foxfire           |    43 |    29 ||    72
       Conjure Flame     |     2 |     1 ||     3
  Use: Potion            |       |     7 ||     7
 Stab: Sleeping          |     1 |     2 ||     3
Armor: Skin              |     2 |    25 ||    27
Dodge: Dodged            |    17 |    22 ||    39

Table legend: (Time is in decaauts)
 A = Elapsed time spent in this place.
 B = Non-inter-level travel time spent in this place.
 C = Inter-level travel time spent in this place.
 D = Time resting spent in this place.
 E = Time spent auto-exploring this place.
 F = Levels seen in this place.
 G = Mean time per level.
                   A        B        C        D        E       F      G
               +--------+--------+--------+--------+--------+-----+--------+
         Total |   3471 |   3420 |     51 |    649 |   1534 |   3 | 1157.0 |
       Dungeon |   3471 |   3420 |     51 |    649 |   1534 |   3 | 1157.0 |
               +--------+--------+--------+--------+--------+-----+--------+

Top non-repeatable levels by time:
     D:2: 1610 daAuts
     D:1: 1259 daAuts
     D:3: 602 daAuts
